AoeStats
← Inkencamilla

Golden Pit

514617618Analyzed
3v3 RM · 2d ago on Oct 18, 2026· 45m 6s· 6 players
Game mode
Random Map
Map size
Normal (6 player)
Population
200
Speed
Normal
Resources
Standard
Victory
Conquest
Starting age
Dark Age
Ending age
Imperial Age
RankedLock teamsTeams togetherTeam positionsShared explorationLock speedFull tech treeHidden civsTurbo modeCheats
Victory
Defeat
🇩🇪 Ethiopians · Germany
960
+13
🇪🇸 Koreans · Spain
958
+13
🇩🇪 Magyars · Germany
930
+14
vs
🇫🇷 Burgundians · France
932
-21
🇫🇷 Mongols · France
911
-14
🇫🇷 Bulgarians · France
840
-11
Filtravis
8:26 Loom
10:57 Feudal Age
15:19 Castle Age
13:32 Fletching
16:42 Wheelbarrow
16:53 Double-Bit Axe
17:35 Bodkin Arrow
18:35 Town Watch
25:26 Padded Archer Armor
25:34 Crossbowman
26:29 Stone Mining
27:38 Leather Archer Armor
32:55 Squires
34:02 Ballistics
35:31 Scale Mail Armor
35:42 Forging
37:36 Bow Saw
38:58 Chain Mail Armor
39:19 Iron Casting
41:42 Imperial Age
39:46 Gold Mining
40:06 Thumb Ring
41:21 Murder Holes
41:40 Masonry
42:14 Arbalester
43:45 Conscription
45:01 Blast Furnace
44:32 Plate Mail Armor
boromir7222
3:28 Loom
12:14 Feudal Age
14:11 Wheelbarrow
13:25 Double-Bit Axe
13:56 Horse Collar
19:43 Castle Age
18:46 Arson
19:57 Scale Mail Armor
22:16 Hand Cart
21:54 Gold Mining
21:55 Stone Mining
22:32 Fletching
25:55 Pikeman
26:36 Squires
27:47 Forging
27:32 Bodkin Arrow
36:01 Imperial Age
36:08 Bow Saw
36:16 Chain Mail Armor
36:32 Heavy Plow
36:50 Halberdier
36:52 Man-at-Arms
38:05 Plate Mail Armor
39:01 Two-Man Saw
38:31 Long Swordsman
39:49 Iron Casting
40:56 Ballistics
40:48 Masonry
40:21 Treadmill Crane
42:07 Conscription
42:08 Capped Ram
42:58 Siege Engineers
43:54 Chemistry
43:25 Architecture
Inkencamilla
0:32 Loom
12:50 Feudal Age
19:50 Wheelbarrow
23:40 Castle Age
21:46 Stone Mining
21:51 Horse Collar
22:15 Double-Bit Axe
22:27 Gold Mining
30:50 Imperial Age
29:42 Hand Cart
29:41 Scale Barding Armor
29:53 Heavy Plow
31:31 Scale Mail Armor
32:31 Corvinian Army
32:53 Conscription
34:20 Chain Mail Armor
33:27 Pikeman
35:19 Bow Saw
35:42 Crop Rotation
35:42 Elite Magyar Huszar
37:13 Chain Barding Armor
36:58 Husbandry
37:10 Bloodlines
38:04 Gold Shaft Mining
38:32 Plate Barding Armor
38:11 Arson
38:37 Halberdier
RedJohn
8:12 Loom
10:06 Feudal Age
17:14 Castle Age
19:12 Wheelbarrow
22:55 Husbandry
23:06 Bloodlines
28:38 Scale Barding Armor
33:02 Forging
33:32 Chain Barding Armor
34:09 Hand Cart
34:29 Stirrups
36:18 Iron Casting
36:52 Gold Mining
36:53 Stone Mining
36:52 Double-Bit Axe
36:52 Horse Collar
40:47 Imperial Age
39:57 Gold Shaft Mining
39:57 Stone Shaft Mining
40:50 Cavalier
43:10 Blast Furnace
42:45 Plate Barding Armor
41:54 Capped Ram
42:06 Light Cavalry
42:57 Hussar
43:12 Siege Ram
44:18 Hussar
Valou
9:37 Feudal Age
10:02 Loom
19:13 Castle Age
18:01 Wheelbarrow
18:30 Double-Bit Axe
18:30 Horse Collar
20:04 Forging
20:06 Husbandry
20:17 Bloodlines
20:28 Heavy Plow
21:33 Bow Saw
22:18 Scale Barding Armor
26:31 Hand Cart
27:03 Iron Casting
27:37 Chain Barding Armor
27:57 Fletching
34:35 Imperial Age
32:19 Town Watch
32:35 Stone Mining
32:41 Gold Mining
33:11 Bodkin Arrow
32:43 Pikeman
33:29 Padded Archer Armor
34:29 Leather Archer Armor
35:37 Squires
36:40 Blast Furnace
35:41 Bracer
36:42 Town Patrol
37:34 Conscription
43:11 Caravan
NathanaelG
10:07 Feudal Age
9:19 Loom
11:37 Double-Bit Axe
15:02 Forging
18:58 Scale Barding Armor
22:01 Horse Collar
22:19 Gold Mining
24:34 Castle Age
25:32 Husbandry
24:52 Cavalier
28:47 Iron Casting
28:33 Chain Barding Armor
31:48 Stone Mining
36:16 Burgundian Vineyards
37:12 Gold Shaft Mining
37:17 Ballistics
41:05 Imperial Age
41:24 Paladin
43:12 Blast Furnace
42:48 Plate Barding Armor
43:36 Chemistry
Connection lost

Rejoining the realm…

Still unreachable

The connection could not be restored.

Session expired

The server has moved on; the page needs a fresh start.